[Event "44th Chess Olympiad Women 2022"]
[Site "Chennai"]
[Date "2022.07.29"]
[Round "1.59"]
[White "Silva, Mariana Sofia T."]
[Black "Nuha, Rilwan"]
[Result "1-0"]
[ECO "E06"]
[WhiteElo "1912"]
[BlackElo "1068"]
[Annotator "TA"]
[PlyCount "49"]
[EventDate "2022.07.29"]
[EventType "team-tourn"]
[EventCountry "IND"]
[SourceTitle "playchess.com"]
[Source "ChessBase"]
[SourceQuality "1"]
[WhiteTeam "Portugal"]
[BlackTeam "Maldives"]
[WhiteTeamCountry "POR"]
[BlackTeamCountry "MDV"]
[TimeControl "40/5400+30:1800+30"]

1. d4 Nf6 2. c4 e6 3. g3 d5 4. Bg2 c5 5. cxd5 Nxd5 6. Nf3 Nc6 7. O-O Be7 8. dxc5 Bxc5 9. Qc2 Be7 10. a3 O-O 11. Rd1 Qb6 (11... Bd7 $14) 12. e4 $16 {[%emt 0:00:52][%cal Be2e4,Be4e5][%mdl 32] E06: Closed Catalan: Early deviations.} Nf6 13. Be3 Qc7 14. Nc3 {[%emt 0:03:53] [#] White is better.} a6 $146 ({Predecessor:} 14... Bd7 15. Nb5 Qc8 16. Bf4 e5 17. Bg5 Be6 18. Rac1 a6 19. Nd6 Bxd6 20. Rxd6 Nd4 21. Nxd4 exd4 {1-0 (74) Siddharth,J (2320)-Kahlert,T (2155) Chess.com INT 2020}) 15. h3 {[%emt 0:04:05] White is more active.} b5 (15... Rd8 $16) 16. e5 Ne8 {[%emt 0:05:18] [#]} 17. Ne4 $2 (17. Rac1 $1 $18 {has better winning chances.}) 17... Rb8 $2 (17... Nxe5 $16 {is a better defense.} 18. Qxc7 Nxf3+ 19. Bxf3 Nxc7) 18. Neg5 Bxg5 $2 (18... g6 19. Rac1 Bb7) 19. Nxg5 $18 {[%emt 0:00:10][%csl Gg5][%cal Rc2h7] White is clearly winning.} ({Weaker is} 19. Bxg5 Bb7 $18) 19... g6 20. Qxc6 Qxc6 21. Bxc6 Bb7 22. Bxb7 Rxb7 23. Bc5 Nc7 24. Bxf8 {[%emt 0:00:26] [#] Intending Rd8 and mate.} Kxf8 25. Rd7 {[%emt 0:00:10] White took control after the opening.  Weighted Error Value: White=0.32/Black=0.91} 1-0

[Event "44th Chess Olympiad Women 2022"]
[Site "Chennai"]
[Date "2022.07.29"]
[Round "1.59"]
[White "Nihaya, Ahmed"]
[Black "Chaves, Jussara"]
[Result "1/2-1/2"]
[ECO "B01"]
[WhiteElo "1233"]
[BlackElo "1933"]
[Annotator "TA"]
[PlyCount "64"]
[EventDate "2022.07.29"]
[EventType "team-tourn"]
[EventCountry "IND"]
[SourceTitle "playchess.com"]
[Source "ChessBase"]
[SourceQuality "1"]
[WhiteTeam "Maldives"]
[BlackTeam "Portugal"]
[WhiteTeamCountry "MDV"]
[BlackTeamCountry "POR"]
[TimeControl "40/5400+30:1800+30"]

1. e4 d5 2. exd5 Qxd5 3. Nc3 Qa5 4. Nf3 Nf6 5. d4 c6 6. Bd3 {[%emt 0:02:22] B01: Scandinavian Defence.} g6 7. O-O Bg7 8. Re1 {[%emt 0:00:32] White is better.} Bg4 9. h3 Bxf3 10. Qxf3 {[%emt 0:00:33] [#]} Nd5 $146 ({Black should try} 10... e6 $14) ({Predecessor:} 10... e6 11. Bd2 O-O 12. Ne4 Qf5 13. Nxf6+ Qxf6 14. Qxf6 Bxf6 15. c3 Nd7 16. Bf4 Rfe8 {½-½ (57) Bozic,M (2085)-Sygulski,P (2133) Pula 2016}) 11. Qe2 {[%emt 0:02:03] White is more active.} (11. Bg5 $16 O-O 12. Nxd5 Qxd5 13. Qxd5 (13. Bxe7 Qxf3 14. gxf3 Re8 $16) 13... cxd5 14. Bxe7) 11... e6 12. Nxd5 cxd5 13. c3 O-O 14. Bf4 Nc6 15. Qd2 Rfe8 16. Bh6 e5 (16... Bxh6 $11 17. Qxh6 e5) 17. Bxg7 $1 $14 Kxg7 18. dxe5 d4 19. f4 Rad8 20. Qc2 (20. Be4 $16) 20... dxc3 21. bxc3 Qc5+ 22. Kh1 Rd7 23. Rad1 Red8 24. Rd2 (24. Rf1 $11) 24... Rxd3 25. Rxd3 Nb4 $1 {[%emt 0:00:07] [#]} 26. cxb4 Qxc2 27. Rxd8 Qxa2 {[%emt 0:02:57] KQ-KRR} 28. Rd7 {[%emt 0:02:07] aiming for e6.} (28. e6 $5 fxe6 29. Rd7+ Kf6 30. Rxb7 $16) 28... Kh6 $2 {[%emt 0:06:23] [#]} (28... Qf2 $11 {and Black stays safe.} 29. Rg1 Qb6) 29. Rxb7 (29. Rc1 $1 $18 {[%cal Rc1c7] is the precise move to win.}) 29... Qf2 $16 30. Ra1 Qxf4 31. Raxa7 ({Better is} 31. Rbxa7 $14 Qxe5 32. b5) 31... Qf1+ 32. Kh2 Qf4+ {[%emt 0:00:08] Weighted Error Value: White=0.35/Black=0.32} 1/2-1/2

[Event "44th Chess Olympiad Women 2022"]
[Site "Chennai"]
[Date "2022.07.29"]
[Round "1.60"]
[White "Ramirez, Maria Eugenia"]
[Black "Roberts, Tallulah"]
[Result "1-0"]
[ECO "C01"]
[WhiteElo "2005"]
[BlackElo "1536"]
[Annotator "TA"]
[PlyCount "43"]
[EventDate "2022.07.29"]
[EventType "team-tourn"]
[EventCountry "IND"]
[SourceTitle "playchess.com"]
[Source "ChessBase"]
[SourceQuality "1"]
[WhiteTeam "Bolivia"]
[BlackTeam "Channel Islands"]
[WhiteTeamCountry "BOL"]
[BlackTeamCountry "JCI"]
[TimeControl "40/5400+30:1800+30"]

1. e4 e6 2. d4 d5 3. exd5 exd5 4. c4 Bb4+ 5. Nc3 Ne7 6. Nf3 O-O {[%emt 0:00:13] C01: French: Exchange Variation.} 7. Bd3 dxc4 8. Bxc4 Nbc6 {[%emt 0:00:23] The position is equal.} 9. O-O Bg4 10. Be3 Nf5 11. a3 {[%emt 0:16:12] [#]} Bxf3 $146 ({Predecessor:} 11... Bd6 12. h3 Bxf3 13. Qxf3 Nfxd4 14. Qd5 Nc2 15. Bg5 Be7 16. Bxe7 Nxe7 17. Qxd8 Raxd8 {½-½ (25) Miezis,N (2490)-Dokutchaev,A (2414) Finland 2016}) 12. Qxf3 Nfxd4 13. Qh5 Bxc3 14. bxc3 Ne6 15. Rab1 Rb8 16. f4 {[%emt 0:23:39][%cal Bf2f4,Bf4f5,Bf5f6,Bf6g7][%mdl 32] [#] Threatens to win with f5.} Qf6 17. Rbc1 ({Of course not} 17. Bd3 g6 18. Qh3 Qxc3 $17) (17. Rf3 $5 ) 17... b6 ({Black should try} 17... h6 $11) 18. f5 $1 $36 {[%emt 0:03:59][%mdl 2048] White is really pushing.} Nc5 19. Bg5 {[%emt 0:01:17] White is more active. A strong pair of Bishops.} Qd6 {[%emt 0:10:19][%mdl 8192] [#]} (19... Qe5 $16) 20. f6 Ne5 $2 (20... Ne6) 21. fxg7 $18 Rfe8 22. Bxf7+ {[%emt 0:00:36] Weighted Error Value: White=0.07 (flawless) /Black=0.81} 1-0

[Event "44th Chess Olympiad Women 2022"]
[Site "Chennai"]
[Date "2022.07.29"]
[Round "1.61"]
[White "Thorsteinsdottir, Hallgerdur"]
[Black "Ahmed, Najla"]
[Result "1-0"]
[WhiteElo "1934"]
[BlackElo "1176"]
[Annotator "TA"]
[PlyCount "14"]
[EventDate "2022.07.29"]
[EventType "team-tourn"]
[EventCountry "IND"]
[SourceTitle "playchess.com"]
[Source "ChessBase"]
[SourceQuality "1"]
[WhiteTeam "Iceland"]
[BlackTeam "Brunei"]
[WhiteTeamCountry "ISL"]
[BlackTeamCountry "BRN"]
[TimeControl "40/5400+30:1800+30"]

1. d4 d5 2. c4 dxc4 3. e4 Nf6 4. e5 Nd5 5. Bxc4 e6 6. a3 {[%emt 0:01:36] [#] D20: Queen's Gambit Accepted: 3 e3 and 3 e4.} c6 $146 (6... b6 $11 {remains equal.}) ({Predecessor:} 6... c5 7. Nf3 Be7 8. O-O cxd4 9. Qxd4 Nc6 10. Qg4 O-O 11. Bh6 g6 12. Bxf8 Bxf8 13. Nc3 Nxc3 14. bxc3 {1-0 (46) Prachar,J (1899)-Pindura,V (1629) Olomouc 2015}) 7. Ne2 a6 (7... c5 $14) 1-0

[Event "44th Chess Olympiad Women 2022"]
[Site "Chennai"]
[Date "2022.07.29"]
[Round "1.61"]
[White "Almusawi, Maram"]
[Black "Johannsdottir, Johanna Bjorg"]
[Result "0-1"]
[ECO "A40"]
[WhiteElo "1349"]
[BlackElo "1976"]
[Annotator "TA"]
[PlyCount "54"]
[EventDate "2022.07.29"]
[EventType "team-tourn"]
[EventCountry "IND"]
[SourceTitle "playchess.com"]
[Source "ChessBase"]
[SourceQuality "1"]
[WhiteTeam "Brunei"]
[BlackTeam "Iceland"]
[WhiteTeamCountry "BRN"]
[BlackTeamCountry "ISL"]
[TimeControl "40/5400+30:1800+30"]

1. d4 g6 2. Nf3 Bg7 3. e3 d6 4. Be2 Nd7 5. Nbd2 e5 6. c3 {[%emt 0:05:46] A40: Unusual replies to 1 d4.} Qe7 {[%emt 0:05:04] [#]} 7. Qc2 $146 ({Predecessor:} 7. e4 Ngf6 8. Bd3 d5 9. O-O dxe4 10. Nxe4 Nxe4 11. Bxe4 f5 12. Bc2 e4 13. Re1 {0-1 (40) Gomez Girones,F (1794)-Castillo Martinez,E (2039) Maresme 2012}) 7... Ngf6 8. Bd3 {[%emt 0:03:08] The position is equal.} O-O 9. O-O Nd5 10. Qb3 c6 11. Bc4 (11. Re1 $11) 11... N5b6 (11... e4 $5 12. Ne1 (12. Bxd5 cxd5 13. Ne1 Nf6 $17) 12... N7f6 $15) 12. Bd3 Kh8 13. a4 a5 (13... Nd5 $5 ) 14. Re1 Nd5 (14... g5 $11) 15. Qa2 (15. e4 $14 Nf4 16. Bf1) 15... N7f6 ({Black should play} 15... g5 $11 16. dxe5 dxe5) 16. Ne4 (16. e4 $14 {stays ahead.} Nf4 17. Bf1) 16... Nxe4 $17 17. Bxe4 Be6 {[%emt 0:00:15][%cal Od5c3] [#] ...Nxc3! is the strong threat.} 18. Qb1 f5 19. Bc2 e4 20. Nd2 Qh4 21. Nf1 Nf6 $36 {[%emt 0:02:33][%mdl 2048] White is under strong pressure. 0x0.001b83f3bbe4dp-1022s more active pieces.} 22. Ng3 $2 (22. b3 $17) 22... g5 {[%emt 0:03:25] Hoping for ...Ng4.} 23. Nf1 $2 (23. Bd1) 23... Bc4 $2 (23... Ng4 $19 {has better winning chances.} 24. g3 Qh3) 24. g3 $2 {[%emt 0:01:06][%mdl 8192] White does not recover from this.} (24. b3 $17 Ba6 25. c4) 24... Qh3 $19 {[%emt 0:00:12] ( -> ...Bxf1)} 25. Nd2 {[%emt 0:00:09] [#]} Ng4 $1 {[%emt 0:00:15][%csl Gg4][%cal Rh3h2] Black mates.} 26. Re2 (26. Nf1 Bxf1) 26... Qxh2+ 27. Kf1 Qxf2# {[%emt 0:00:19] Weighted Error Value: White=0.92/Black=0.36} 0-1

[Event "44th Chess Olympiad Women 2022"]
[Site "Chennai"]
[Date "2022.07.29"]
[Round "1.62"]
[White "Mezioud, Amina"]
[Black "Abigail Karyah"]
[Result "1-0"]
[ECO "C41"]
[WhiteElo "2024"]
[BlackElo "1455"]
[Annotator "TA"]
[PlyCount "21"]
[EventDate "2022.07.29"]
[EventType "team-tourn"]
[EventCountry "IND"]
[SourceTitle "playchess.com"]
[Source "ChessBase"]
[SourceQuality "1"]
[WhiteTeam "Algeria"]
[BlackTeam "Liberia"]
[WhiteTeamCountry "ALG"]
[BlackTeamCountry "LBR"]
[TimeControl "40/5400+30:1800+30"]

1. e4 e5 2. Nf3 d6 3. d4 exd4 4. Nxd4 Nf6 5. Nc3 Be7 6. Be2 O-O 7. Be3 c5 {[%emt 0:01:20] C41: Philidor Defence.} 8. Nb3 Nc6 9. O-O Be6 10. f4 Qc7 {[%emt 0:01:32] [#]} 11. Nd5 $146 {[%emt 0:03:38][%mdl 32768] Black did not feel at home in the position after the opening.  Weighted Error Value: White=0.01 (flawless) /Black=0.12 (very precise) . Loss on time!?} ({Predecessor:} 11. Bf3 Rfe8 12. g4 Bf8 13. Nd2 d5 14. exd5 Bxd5 15. Bxd5 Rxe3 16. Nc4 Ree8 17. Qf3 {0-1 (36) Savory,R-Smith,A (2265) London 1994}) 1-0

[Event "44th Chess Olympiad Women 2022"]
[Site "Chennai"]
[Date "2022.07.29"]
[Round "1.73"]
[White "Grishina, Alexandra"]
[Black "Inthavong, Maly"]
[Result "1-0"]
[ECO "A40"]
[WhiteElo "2012"]
[BlackElo "1231"]
[Annotator "TA"]
[PlyCount "79"]
[EventDate "2022.07.29"]
[EventType "team-tourn"]
[EventCountry "IND"]
[SourceTitle "playchess.com"]
[Source "ChessBase"]
[SourceQuality "1"]
[WhiteTeam "Lebanon"]
[BlackTeam "Laos"]
[WhiteTeamCountry "LBN"]
[BlackTeamCountry "LAO"]
[TimeControl "40/5400+30:1800+30"]

1. Nf3 Nc6 2. d4 Nf6 3. d5 Nb4 4. c4 d6 5. Qa4+ {[%emt 0:01:10] [#]} Nc6 $146 ({Predecessor:} 5... c6 6. Qxb4 cxd5 7. cxd5 Nxd5 8. Qb5+ Bd7 9. Qxd5 e6 10. Qxb7 d5 11. Ne5 Rb8 12. Qxa7 {1-0 (24) Kunze,J (1980)-Rohloff,F (1546) GER email 2019}) 6. dxc6 {[%emt 0:02:54] A40: Unusual replies to 1 d4.} bxc6 7. Qxc6+ Bd7 8. Qa6 {[%emt 0:00:33] White is winning.} e5 9. g3 Ne4 10. Bg2 Nc5 11. Qa5 Bc6 12. Bg5 Be7 13. Bxe7 Qxe7 14. O-O O-O 15. Qd2 f5 16. Nc3 Rab8 17. Nd5 Qd7 18. Rad1 Ne4 19. Qc2 Ba8 {[%emt 0:03:10] [#]} (19... Kh8 $142 20. b3 a5) 20. Nxe5 $1 $18 Qe6 (20... dxe5 21. Bxe4) 21. Nf3 Rbc8 22. Nd4 Qe8 {[%emt 0:03:21] [#]} 23. Nxf5 $1 Rxf5 (23... Bxd5 24. Rxd5) 24. Bxe4 Rh5 25. Bf3 Rh6 26. Rd4 Kh8 27. Qe4 {[%emt 0:06:25] aiming for Qxe8+.} Qf7 28. Qf4 Qe8 29. Re4 Qd8 30. Qf7 c6 31. Re7 Rg6 32. Nf4 Rg5 33. Ne6 Rxg3+ 34. hxg3 {[%emt 0:00:28][%csl Ge6,Ge7][%cal Rf7g7] White mates.} Qg8 35. Qxg7+ Qxg7 36. Nxg7 Rg8 37. Ne6 a5 38. Be4 Rg4 39. Bf5 Rxc4 40. Re8# {[%emt 0:00:21] Weighted Error Value: White=0.10 (very precise) /Black=0.34} 1-0

[Event "44th Chess Olympiad Women 2022"]
[Site "Chennai"]
[Date "2022.07.29"]
[Round "1.76"]
[White "Ortez, Andrea"]
[Black "Marusic, Nada"]
[Result "1-0"]
[ECO "C77"]
[WhiteElo "1908"]
[BlackElo "1955"]
[Annotator "TA"]
[PlyCount "79"]
[EventDate "2022.07.29"]
[EventType "team-tourn"]
[EventCountry "IND"]
[SourceTitle "playchess.com"]
[Source "ChessBase"]
[SourceQuality "1"]
[WhiteTeam "El Salvador"]
[BlackTeam "Slovenia"]
[WhiteTeamCountry "ESA"]
[BlackTeamCountry "SLO"]
[TimeControl "40/5400+30:1800+30"]

1. e4 e5 2. Nf3 Nc6 3. Bb5 Nf6 4. Qe2 d6 5. c3 Be7 6. d3 a6 7. Ba4 O-O 8. Bg5 {[%emt 0:00:00] C77: Ruy Lopez: 3...a6 4 Ba4 Nf6, unusual lines.} (8. O-O $11) 8... Bd7 9. Nbd2 b5 10. Bb3 {[%emt 0:00:00] The position is equal.} Rb8 11. h3 {[%emt 0:05:57] [#]} b4 $146 (11... Na5 $11) ({Predecessor:} 11... h6 12. Bd5 hxg5 13. Nxg5 Nxd5 14. exd5 Bxg5 15. Nf3 Na7 16. h4 Bh6 17. g4 Bxg4 {0-1 (32) Orihuela,A-Cornejo Perales,G (1410) Lima 2014}) 12. O-O d5 (12... h6 $11 {remains equal.} 13. Be3 Na5) 13. exd5 (13. Bxf6 $142 Bxf6 14. exd5) 13... Nxd5 $16 14. Bxe7 Ncxe7 15. Qxe5 Bc6 16. c4 $2 {[%emt 0:04:59] [#] White is more active.} (16. Qd4 $16) 16... Nf6 $2 {[%emt 0:02:23] Loses the game.} (16... Ng6 $15 {stays ahead.} 17. Qd4 Ndf4 18. Qxd8 Rfxd8) 17. d4 $18 a5 (17... Ng6 $142 18. Qh2 Bxf3) 18. Qxa5 Ra8 19. Qxb4 Nf5 (19... Ne4 $142 20. Rae1 Rb8) 20. Qc5 Qd7 21. Bc2 {[%emt 0:01:55] Prevents Ne4.} g6 22. Bxf5 gxf5 23. Ne5 Qd6 24. Qxc6 Qxc6 25. Nxc6 Rfe8 26. Ne5 Ra5 27. Rfe1 c5 28. Nb3 Ra4 29. Nxc5 Ra7 30. a3 Nh5 31. Nc6 Raa8 32. Ne7+ Kf8 33. Nd7+ Kg7 34. Nxf5+ Kg6 35. Nd6 Red8 36. Ne5+ Kg7 37. Nexf7 Rd7 38. Re5 Nf6 39. c5 Rf8 40. Rg5# {[%emt 0:00:19] Weighted Error Value: White=0.36/Black=0.85} 1-0